 Dungeon Crawl Stone Soup version 0.23-a0-396-g5214e5f (webtiles) character file.

111 Loudmushroom the Covered (level 4, -5/29 HPs)
             Began as a Gargoyle Fighter on Nov 3, 2018.
             Killed by divine providence
             ... invoked by an orc priest
              (15 damage)
             ... on level 3 of the Dungeon.
             The game lasted 00:18:14 (2754 turns).

Loudmushroom the Covered (Gargoyle Fighter)         Turns: 2754, Time: 00:18:15

Health: -5/29      AC: 10    Str: 20    XL:     4   Next: 92%
Magic:  4/4        EV:  7    Int:  9    God:
Gold:   101        SH:  9    Dex:  9    Spells: 3/3 levels left

rFire    . . .     SeeInvis .   a - +0 war axe
rCold    . . .     Gourm    .   c - +0 shield
rNeg     + . .     Faith    .   q - +0 scale mail
rPois    ∞         Spirit   .   (no helmet)
rElec    +         Reflect  .   (no cloak)
rCorr    .         Harm     .   (no gloves)
MR       .....                  (no boots)
Stlth    ..........             (no amulet)
HPRegen  0.09/turn              (no ring)
MPRegen  0.09/turn              (no ring)

@: no status effects
A: negative energy resistance 1, electricity resistance, unbreathing,
petrification resistance, rot immunity, AC +3
a: no special abilities


You were on level 3 of the Dungeon.
You were not hungry.

You visited 1 branch of the dungeon, and saw 3 of its levels.

You collected 101 gold pieces.

Inventory:

Hand Weapons
 a - a +0 war axe (weapon)
 b - a +0 hunting sling
Missiles
 e - 91 stones (quivered)
 p - 31 sling bullets
Armour
 c - a +0 shield (worn)
 q - a +0 scale mail (worn)
Scrolls
 g - 2 scrolls of blinking {unknown}
 h - 3 scrolls of enchant weapon {unknown}
 m - 4 scrolls of identify {unknown}
 n - a scroll of remove curse {unknown}
 o - a scroll of amnesia {unknown}
 s - a scroll of random uselessness {unknown}
 t - 2 scrolls of teleportation {unknown}
 u - a scroll of fog {unknown}
Potions
 d - a potion of might
 i - 2 potions of agility {unknown}
 j - a potion of flight {unknown}
 k - 3 potions of mutation {unknown}
 l - a potion of berserk rage {unknown}
 v - a potion of magic {unknown}
 w - a potion of haste {unknown}
Comestibles
 f - 5 rations
 r - a chunk of flesh


   Skills:
 + Level 4.1 Fighting
 + Level 2.6 Axes
 + Level 4.1 Armour
 + Level 4.1 Shields


You had 3 spell levels left.
You didn't know any spells.
Your spell library was empty.

Dungeon Overview and Level Annotations

Branches:
Dungeon (3/15)

Altars:
Vehumet
Yredelemnul
The Shining One


Innate Abilities, Weirdness & Mutations

You are resistant to torment.
Your stone body is resilient. (AC +3)
You are immune to poison.
You resist negative energy. (rN+)
You are resistant to electric shocks. (rElec)
You can survive without breathing.
You are immune to petrification.
You are immune to rotting.


Message History

You kill the orc!
The bat closely misses you. The bat barely misses you.
The orc priest barely misses you.
You hit the orc priest but do no damage.
The orc priest is heavily wounded.
You closely miss the bat. The bat hits you but does no damage.
You block the bat's attack.
The orc priest mumbles some strange prayers to Beogh against you.
Beogh smites you! The bat barely misses you. You block the orc priest's attack.
You hit the orc priest.
The orc priest is almost dead.
You hit the bat.
You kill the bat!
You block the orc priest's attack.
Your shield and scale mail prevent you from hitting the orc priest.
The orc priest is almost dead.
The orc priest calls down the wrath of Beogh upon you.
Beogh smites you!
Ouch! That really hurt!
You die...

###########...........##.........
...... ####'#'#######.........
...... #.#.# #......... ......
#.#.# #......... ....... #.#.#
#......... .......# #.#.#
####......... .......# #.#.#
#.......##### .......# '####+#†##
#.......+...' .......# ......o@.#
#.......##### ........ ......(†.#
#.......#<..# ........ .........#
####'##.#...) ........ .........#
#.##.#.#.. ........ .........#
#.##.#.### ........ .........#
#.##.#.... ..................#
#.##.##### ###+#### .........#
#.##.# # #.# ........# #.##.#####


You could see an orc priest.

Vanquished Creatures
  An orc priest (D:3)
  2 adders
  3 leopard geckos
  4 orcs (D:3)
  2 ball pythons
  A giant cockroach (D:1)
  8 hobgoblins
  12 jackals
  3 bats
  2 frilled lizards (D:1)
  4 goblins
  6 kobolds
  4 rats
52 creatures vanquished.

Vanquished Creatures (others)
  A giant cockroach (D:2)
  A rat (D:2)
2 creatures vanquished.

Grand Total: 54 creatures vanquished

Notes
Turn   | Place    | Note
-------+----------+-------------------------------------------
     0 | D:1      | Loudmushroom the Gargoyle Fighter began the quest for the
                  | Orb.
     0 | D:1      | Reached XP level 1. HP: 14/14 MP: 1/1
   119 | D:1      | Reached XP level 2. HP: 19/19 MP: 2/2
   699 | D:1      | Reached XP level 3. HP: 23/23 MP: 3/3
  1076 | D:2      | Found a radiant altar of Vehumet.
  1213 | D:2      | Found a glowing golden altar of the Shining One.
  1222 | D:2      | Found a basalt altar of Yredelemnul.
  1225 | D:2      | Noticed a profane servitor
  1786 | D:2      | Noticed an angel
  1958 | D:3      | Found a faded altar of an unknown god.
  1991 | D:3      | Reached XP level 4. HP: 28/29 MP: 4/4
  2754 | D:3      | Killed from afar by an orc priest

Vault maps used:
D:1:      dpeg_arrival_snail, kennysheep_small_spiral, solitary_fountain,
          st_stairs_8
D:2:      lemuel_upstairs_altar, grunt_temple_overflow_holy_war,
          fiery_altar_vehumet, first_ration
D:3:      chequers_ecumenical_altar_simple_redux

Skill      XL: |  1  2  3  4 |
---------------+-------------+-----
Axes           | 2 |  2.6
Fighting       | 4 |  4.1
Armour         | 4 |  4.1
Shields        | 4 |  4.1

Action                   |  1- 3 |  4- 6 || total
-------------------------+-------+-------++-------
Melee: War axe           |   120 |    62 ||   182
  Eat: Chunk             |     2 |     1 ||     3
       Ration            |     1 |       ||     1
Armor: Scale mail        |    83 |    54 ||   137
Dodge: Dodged            |    51 |    41 ||    92
Block: Shield            |    83 |    41 ||   124

Table legend:
 A = Non-vault XP
 B = Vault XP
 C = Vault XP percentage of total XP
 D = Non-vault monster count
 E = Vault monster count
 F = Vault count percentage of total count
                 A         B        C        D         E       F
            +---------+---------+-------+---------+---------+-------
      Total |     156 |       3 |   1.9 |      51 |       1 |   1.9
            +---------+---------+-------+---------+---------+-------
        D:1 |      34 |       3 |   8.1 |      21 |       1 |   4.5
        D:2 |      26 |       0 |   0.0 |       8 |       0 |   0.0
        D:3 |      96 |       0 |   0.0 |      22 |       0 |   0.0
            +---------+---------+-------+---------+---------+-------
